Map: Dusk Towers

Players

RuFF - Winner!

  • Race: Terran Terran
  • League: Grandmaster

Pokebunny

  • Race: Terran Terran
  • League: Grandmaster

VOD

Have the link to the VOD?

Description

Time

  • Played on: April 7, 2016, 7:29 p.m.
  • Length: 3:35
Show
View Real Time Build Order
Export as new Build Order

RuFF Terran - Winner!

Build Orders:  

Get SALT Encoding   

  12  0:00  SCV  
  13  0:13  SCV  
  14  0:18  Supply Depot  
  14  0:25  SCV  
  15  0:30  Refinery  
  15  0:46  Barracks  
  15  0:58  Barracks  
  15  1:15  Barracks  
  15  1:33  Reaper  
  15  1:38  Orbital Command  
  16  1:47  Reaper  
  16  1:54  Refinery  
  17  2:02  Reaper  
  18  2:09  Reaper  
  19  2:17  Supply Depot  
  19  2:23  Reaper  
  19  2:28  SCV  
  21  2:42  Reaper x2  
  21  3:15  SCV  
Show
View Real Time Build Order
Export as new Build Order

Pokebunny Terran 

Build Orders: Command Center First (CC) 

Get SALT Encoding   

  12  0:00  SCV  
  13  0:13  SCV  
  14  0:17  Supply Depot  
  14  0:25  SCV  
  15  0:39  SCV  
  16  0:51  SCV  
  17  0:59  Command Center  
  17  1:03  SCV  
  18  1:13  Barracks  
  18  1:16  SCV  
  19  1:21  Refinery  
  19  1:27  Refinery  
  19  1:30  SCV  
  20  1:42  SCV  
  21  2:00  Orbital Command  
  21  2:01  Marine  
  22  2:13  Orbital Command  
  22  2:16  Factory  
  22  2:19  Marine  
  23  2:28  SCV  
  24  2:38  Marine  
  23  2:45  Supply Depot  
  20  2:56  Marine  
  13  3:08  Bunker  
  13  3:09  Hellion  
  14  3:14  Marine  
Tags
 
Add a new tag
Caveats
  • Supply blocks, unpowered buildings, or Contaminate may cause inaccurate times.
  • Supply counts are checked every 10 seconds.